AoeStats
← JamesNewstedd

Arena

509580491Analyzed
1v1 RM · 4d ago on Sep 27, 2026· 33m 22s· 2 players
Game mode
Random Map
Map size
Tiny (2 player)
Population
200
Speed
Normal
Resources
Standard
Victory
Conquest
Starting age
Dark Age
Ending age
Imperial Age
RankedLock teamsTeams togetherTeam positionsShared explorationLock speedFull tech treeHidden civsTurbo modeCheats
Victory
Defeat
🇩🇪 Teutons · Germany
1767
+17
🇨🇳 Saxons · China
1792
-17
JamesNewstedd
11:09 Feudal Age
12:12 Double-Bit Axe
12:09 Horse Collar
14:52 Castle Age
15:43 Bow Saw
17:44 Wheelbarrow
21:50 Gold Mining
27:50 Imperial Age
25:08 Town Watch
26:19 Sanctity
27:34 Scale Mail Armor
28:33 Chain Mail Armor
28:20 Squires
29:42 Chemistry
29:15 Block Printing
suki
10:21 Feudal Age
9:50 Loom
14:04 Castle Age
11:59 Double-Bit Axe
13:02 Horse Collar
15:15 Wheelbarrow
15:05 Bow Saw
27:55 Imperial Age
25:28 Stone Mining
25:57 Bow Saw
25:52 Fletching
27:35 Bodkin Arrow
27:33 Gold Mining
28:00 Town Watch
33:07 Redemption
Connection lost

Rejoining the realm…

Still unreachable

The connection could not be restored.

Session expired

The server has moved on; the page needs a fresh start.